 Dungeon Crawl Stone Soup version 0.18-a0-1570-gf60b0ab (webtiles) character file.

51 M4edhros the Poker (level 3, -1/26 HPs)
             Began as an Octopode Chaos Knight on Mar 14, 2016.
             Slain by a goblin (3 damage)
             ... led by Robin
             ... on level 2 of the Dungeon.
             The game lasted 00:01:29 (2403 turns).

M4edhros the Poker (Octopode Chaos Knight)          Turns: 2403, Time: 00:01:29

Health: -1/26      AC:  1    Str:  9 (11) XL:     3   Next: 81%
Magic:  3/3        EV: 12    Int: 12 (14) God:    Xom [*.....]
Gold:   80         SH:  0    Dex:  9 (12) Spells: 0 memorised, 2 levels left

rFire  . . .     SeeInvis .     a - +0 spear (chaos)
rCold  . . .     Gourm    .     (no shield)
rNeg   . . .     Faith    .     (helmet restricted)
rPois  .         Spirit   .     (no amulet)
rElec  .         Dismiss  .     (no ring)
rCorr  .         Reflect  .     (no ring)
SustAt .         Harm     .     (no ring)
MR     .....                    (no ring)
Stlth  ++........               (no ring)
                                (no ring)
                                (no ring)
                                (no ring)

@: flying, not resistant to hostile enchantments, unstealthy
A: almost no armour, amphibious, 8 rings, constrict 8, camouflage 1, gelatinous
body 1
a: Renounce Religion


You were on level 2 of the Dungeon.
You worshipped Xom.
You were a special plaything of Xom.
You were not hungry.

You visited 1 branch of the dungeon, and saw 2 of its levels.

You collected 80 gold pieces.

Inventory:

Hand Weapons
 a - a +0 spear of chaos (weapon)
Missiles
 e - 14 sling bullets
Armour
 g - a cursed -1 shield
Scrolls
 c - a scroll of teleportation {unknown}
 d - 3 scrolls of remove curse {unknown}
 f - a scroll of recharging {unknown}
 h - a scroll of fear {unknown}
Comestibles
 b - 3 bread rations


   Skills:
 - Level 3.0 Fighting
 + Level 4.6 Polearms
 - Level 2.3 Dodging


You had 2 spell levels left.
You didn't know any spells.

Dungeon Overview and Level Annotations

Branches:
Dungeon (2/15)

Altars:
The Shining One

Annotations:
D:2 Robin


Innate Abilities, Weirdness & Mutations

You cannot wear most types of armour.
You are amphibious.
You can wear up to eight rings at the same time.
You can use your tentacles to constrict eight enemies at once.
Your skin changes colour to match your surroundings (Stealth).
Your rubbery body absorbs attacks (AC +1).


Message History

The hobgoblin misses you.
Unknown command.
You hit the hobgoblin.
There is a sudden explosion of sparks!
You kill the hobgoblin!
The hobgoblin closely misses you. The goblin barely misses you.
You see here a hobgoblin corpse.
Unknown command.
Xom's power touches on a nearby weapon.
Robin's trident is briefly surrounded by a scintillating aura of random colours.
Robin's horned helmet rattles.
Robin throws the goblin at you!
* * * LOW HITPOINT WARNING * * *
The goblin hits you.
* * * LOW HITPOINT WARNING * * *
Robin roars a battlecry!
The goblins go into a battle-frenzy!
The goblin closely misses you.
You see here 8 gold pieces.
The goblin hits you.
You die...

..###..####.#######
....#..#.....(....#
....#..#.##.#####.#
............# #.#
.......###### #.#
##.##### #.# #.#
#.# #.# ####.# ##.#
####.g@.## ##.#
#..g.g...# .#..
#g#.g##..# .###
#.#.g##..# .#
#g#.)....# .#
#.#.##...# .#
#g#.##...# .#
#..?.....# .####
######.###


You could see Robin, 2 hobgoblins and 3 goblins.

Vanquished Creatures
  An adder (D:2)
  3 dart slugs
  A ball python (D:1)
  3 bats (D:2)
  2 giant cockroaches (D:2)
  7 goblins
  3 hobgoblins
  3 jackals (D:2)
  5 kobolds (D:1)
  A giant newt (D:1)
  3 rats
32 creatures vanquished.

Vanquished Creatures (others)
  An adder (D:2)
1 creature vanquished.

Grand Total: 33 creatures vanquished

Notes
Turn   | Place    | Note
--------------------------------------------------------------
     0 | D:1      | M4edhros the Octopode Chaos Knight began the quest for the Orb.
     0 | D:1      | Reached XP level 1. HP: 16/16 MP: 1/1
    43 | D:1      | XOM: harmless Erth miscast
   471 | D:1      | XOM: divination: detect items
   764 | D:1      | XOM: divination: detect creatures
  1509 | D:1      | XOM: harmless Erth miscast
  1525 | D:1      | Reached XP level 2. HP: 19/21 MP: 2/2
  1612 | D:1      | XOM: cast spell 'Call Canine Familiar'
  1720 | D:1      | XOM: divination: magic mapping
  1858 | D:1      | Reached skill level 4 in Polearms
  1928 | D:2      | Reached XP level 3. HP: 24/26 MP: 3/3
  2008 | D:2      | XOM: silly message
  2166 | D:2      | Found a glowing golden altar of the Shining One.
  2376 | D:2      | Noticed Robin
  2399 | D:2      | XOM: chaos upgrade
  2400 | D:2      | HP: 1/26 [goblin[Robin] (3)]
  2403 | D:2      | Slain by a goblin

Vault maps used:
D:1:      grunt_arrival_lava_bath, roderic_serpentine_path
D:2:      nicolae_tso_carved_into_rock, lemuel_flame_loot_1, uniq_robin

Skill      XL: |  1  2 |
---------------+-------+-----
Polearms       | 4 |  4.6
Fighting       | |  3.0
Dodging        | |  2.3

Action                   || total
-------------------------++-------
Melee: Spear             ||    69
  Use: Potion            ||     2
 Stab: Sleeping          ||     7
       Distracted        ||     2
  Eat: Chunk             ||     4
